 Dungeon Crawl Stone Soup version 0.29.0-7-g18a832c13a (webtiles) character file.

Game seed: 189081047082595248

14 flotson the Sneak (level 2, -1/24 HPs)
             Began as a Demonspawn Delver on Aug 31, 2022.
             Was an Initiate of Hepliaklqana.
             Slain by a phantom (2 damage)
             ... on level 5 of the Dungeon.
             The game lasted 00:01:52 (148 turns).

flotson the Sneak (Demonspawn Delver)                Turns: 148, Time: 00:01:52

Health: -1/24      AC:  5    Str: 12    XL:     2   Next: 27%
Magic:  2/2        EV: 10    Int: 11    God:    Hepliaklqana [......]
Gold:   3          SH:  0    Dex: 14    Spells: 1/1 levels left

rFire   . . .      SeeInvis .   h - +0 battleaxe (vorpal)
rCold   . . .      Faith    .   (shield currently unavailable)
rNeg    . . .      Spirit   .   d - +0 ring mail
rPois   .          Reflect  .   (no helmet)
rElec   .          Harm     .   (no cloak)
rCorr   .          Rampage  .   (no gloves)
Will    .....                   (no boots)
Stlth   ++........              (no amulet)
HPRegen 0.08/turn               (no ring)
MPRegen 0.08/turn               (no ring)

@: no status effects
A: claws 1
a: Renounce Religion


You were on level 5 of the Dungeon.
You worshipped Hepliaklqana.
Hepliaklqana was noncommittal.
You visited 2 branches of the dungeon, and saw 3 of its levels.

You collected 3 gold pieces.

Inventory:

Hand Weapons
 a - a +0 hand axe
 h - a +0 vorpal battleaxe (weapon)
Armour
 d - a +0 ring mail (worn)
Wands
 g - a wand of digging (3)
Scrolls
 c - a scroll of fog
Potions
 i - a potion of attraction {unknown}


   Skills:
 + Level 3.1 Fighting
 + Level 2.0 Axes
 + Level 0.4 Armour
 + Level 1.9 Dodging
 - Level 4.5 Stealth
 + Level 0.8 Invocations
 + Level 0.4 Evocations


You had one spell level left.
You didn't know any spells.
Your spell library was empty.

Dungeon Overview and Level Annotations

Branches:
Dungeon (6/15)             Temple (1/1) D:5

Altars:
Hepliaklqana
Xom
Yredelemnul


Innate Abilities, Weirdness & Mutations

You have sharp fingernails.


Message History

You closely miss the white imp. The white imp gestures at you.
The puff of frost hits you!
* * * LOW HITPOINT WARNING * * *
You barely miss the white imp. The white imp barely misses you.
The white imp hits you.
* * * LOW HITPOINT WARNING * * *
The white imp freezes you.
* * * LOW HITPOINT WARNING * * *
You slash the white imp!
You kill the white imp!
Your Axes skill increases to level 2!
You have reached level 2!
Your demonic ancestry asserts itself...
Your fingernails lengthen.
You see here a +0 ring mail.
You start removing your armour.
You continue taking off your +0 leather armour. x4
You finish taking off your +0 leather armour.
You start putting on your armour.
You continue putting on your +0 ring mail. x5
You finish putting on your +0 ring mail.
You drop a +0 leather armour.
Your extra speed is starting to run out.
You now have 3 gold pieces.
b - a sedimented golden potion A dart slug comes into view.
You feel yourself slow down.
A jelly, a phantom and an ice beast come into view.
You see here 9 gold pieces.
A jelly comes into view.
The phantom attacks as you move away! The phantom hits you.
* * * LOW HITPOINT WARNING * * *
The phantom attacks as you move away! The phantom closely misses you.
Okay, then.
The phantom attacks as you move away! The phantom hits you.
* * * LOW HITPOINT WARNING * * *
It was a potion of magic.
Magic courses through your body. The phantom hits you.
You die...

...####### ##.#
....$....###..#
.............##
#............###
...............#
.....#......##.#
.....##......#.###
.....##........W.###
~~...~##>..[#...@..#
.w~. #....###.....#
#...## ####..# ##..#
..# #.## ..# #....#
### #.....# #...>.#
.......


You could see a phantom.

Vanquished Creatures
  2 white imps
2 creatures vanquished.

Notes
Turn   | Place    | Note
-------+----------+-------------------------------------------
     0 | D:5      | flotson the Demonspawn Delver began the quest for the Orb.
     0 | D:5      | Reached XP level 1. HP: 18/18 MP: 1/1
     0 | D:5      | Found a staircase to the Ecumenical Temple.
     5 | Temple   | Entered the Ecumenical Temple
    29 | Temple   | Became a worshipper of Hepliaklqana the Forgotten
    50 | D:6      | Noticed a jelly
    51 | D:6      | Noticed a howler monkey
    75 | D:6      | Noticed a black bear
   106 | D:5      | Gained mutation: You have sharp fingernails. [demonic
                  | ancestry]
   106 | D:5      | Reached XP level 2. HP: 4/24 MP: 2/2
   130 | D:5      | Noticed a phantom
   130 | D:5      | Noticed an ice beast
   147 | D:5      | HP: 1/24 [phantom (3)]
   148 | D:5      | Slain by a phantom

Illustrated notes

Levels and vault maps discovered:
D:5:      cheibrodos_helix_gallery, layout_rooms,
          minmay_temple_entry_from_below_a, uniq_duvessa
D:6:      layout_loops_ring, mainiacjoe_overflow_big_doors
Temple:   bh_familiar_temple

Skill      XL: |  1 |
---------------+----+-----
Axes           | 2 |  2.0
Fighting       | |  3.1
Armour         | |  0.4
Dodging        | |  1.9
Stealth        | |  4.5
Invocations    | |  0.8
Evocations     | |  0.4

Action                   || total
-------------------------++-------
Melee: Battleaxe         ||     9
  Use: Scroll            ||     2
       Potion            ||     2
Armor: Leather armour    ||     1
Dodge: Dodged            ||     7
